Map: Pillars of Gold LE

Players

ShoWTimE - Winner!

  • Race: Protoss Protoss
  • League: Grandmaster
  • Spawn Location: 1:00

Reynor

  • Race: Zerg Zerg
  • Spawn Location: 7:00

Event: StayAtHome Story Cup #3

VOD

https://youtu.be/T4bChp0eaCo

Description

Time

  • Played on: March 11, 2021, 9:06 a.m.
  • Length: 21:38

All games in this series

Show
View Real Time Build Order
Export as new Build Order

ShoWTimE Protoss - Winner!

Build Orders: 1 Gate Expand, Oracle Opening, Zealot Archon 

Get SALT Encoding   

  12  0:00  Probe  
  13  0:12  Probe  
  14  0:18  Pylon  
  14  0:24  Probe  
  15  0:36  Probe (Chrono Boost)  
  15  0:40  Gateway  
  16  0:46  Probe (Chrono Boost)  
  16  0:48  Assimilator  
  17  0:51  Probe (Chrono Boost)  
  18  1:03  Probe  
  19  1:15  Probe  
  20  1:25  Nexus  
  20  1:35  Cybernetics Core  
  20  1:38  Probe  
  21  1:45  Assimilator  
  21  1:50  Probe  
  22  1:54  Pylon  
  22  2:02  Probe  
  23  2:09  Adept (Chrono Boost)  
  23  2:14  Probe  
  26  2:21  Stargate  
  26  2:26  Probe  
  26  2:29  Adept (Chrono Boost)  
  29  2:37  Warp Gate  
  29  2:38  Probe (Chrono Boost)  
  29  2:42  Probe (Chrono Boost)  
  31  2:49  Probe (Chrono Boost)  
  33  2:52  Adept  
  33  2:54  Probe (Chrono Boost)  
  33  2:55  Probe (Chrono Boost)  
  36  3:03  Probe  
  36  3:04  Probe  
  36  3:05  Oracle (Chrono Boost)  
  41  3:12  Pylon  
  41  3:15  Probe  
  41  3:16  Probe  
  43  3:27  Probe  
  43  3:28  Probe  
  43  3:30  Adept  
  43  3:37  Gateway  
  43  3:38  Oracle (Chrono Boost)  
  43  3:39  Probe  
  43  3:40  Probe  
  45  3:47  Pylon  
  48  3:51  Probe  
  48  3:52  Probe  
  50  4:03  Probe  
  50  4:06  Probe  
  51  4:10  Assimilator  
  51  4:11  Oracle (Chrono Boost)  
  51  4:15  Assimilator  
  54  4:19  Probe  
  54  4:22  Probe, Pylon  
  55  4:25  Adept  
  55  4:30  Nexus  
  57  4:31  Probe  
  57  4:33  Adept  
  57  4:34  Probe  
  61  4:41  Robotics Facility  
  61  4:44  Probe  
  62  4:46  Probe  
  62  4:47  Pylon  
  62  4:52  Sentry  
  65  4:54  Forge  
  65  4:56  Probe  
  65  4:59  Probe  
  67  5:08  Probe  
  67  5:11  Probe  
  67  5:13  Sentry  
  67  5:20  Probe  
  66  5:21  Gateway  
  66  5:23  Probe, Twilight Council  
  66  5:27  Sentry  
  66  5:28  Protoss Ground Weapons Level 1 (Chrono Boost)  
  69  5:29  Observer  
  69  5:33  Probe (Chrono Boost)  
  69  5:35  Probe (Chrono Boost)  
  72  5:42  Zealot  
  75  5:44  Probe (Chrono Boost)  
  75  5:45  Probe (Chrono Boost)  
  75  5:46  Probe (Chrono Boost)  
  75  5:48  Probe (Chrono Boost)  
  77  5:50  Probe (Chrono Boost)  
  77  5:55  Probe  
  77  5:57  Pylon, Immortal  
  83  5:59  Probe (Chrono Boost)  
  83  6:01  Charge  
  83  6:02  Probe (Chrono Boost)  
  85  6:05  Assimilator  
  85  6:07  Probe (Chrono Boost)  
  85  6:09  Assimilator  
  85  6:11  Gateway  
  87  6:14  Probe (Chrono Boost)  
  87  6:17  Probe (Chrono Boost)  
  89  6:18  Probe (Chrono Boost)  
  89  6:19  Gateway  
  89  6:21  Gateway  
  89  6:22  Probe (Chrono Boost)  
  89  6:24  Probe (Chrono Boost)  
  89  6:25  Probe (Chrono Boost)  
  92  6:28  Probe, Templar Archives  
  93  6:35  Gateway  
  93  6:38  Gateway  
  93  6:39  Immortal  
  97  6:44  Gateway  
  97  6:50  Gateway  
  97  6:54  Gateway  
  97  6:55  Pylon  
  97  6:56  Zealot x2  
  101  7:09  Pylon  
  101  7:14  Phoenix (Chrono Boost)  
  101  7:15  Photon Cannon  
  103  7:17  Photon Cannon  
  103  7:18  Photon Cannon  
  103  7:19  High Templar x3  
  103  7:21  Pylon  
  109  7:25  Pylon  
  109  7:27  Observer, Phoenix  
  109  7:28  Archon  
  109  7:29  High Templar  
  112  7:32  Protoss Ground Weapons Level 2 (Chrono Boost)  
  112  7:33  Archon  
  114  7:38  Zealot x2  
  114  7:39  Zealot  
  114  7:41  Pylon  
  120  7:48  Nexus  
  120  7:51  Zealot x2  
  120  7:53  Warp Prism (Chrono Boost)  
  126  8:00  Probe x3  
  126  8:03  Robotics Bay  
  129  8:08  Robotics Facility  
  129  8:15  Zealot x4  
  137  8:26  Photon Cannon  
  137  8:27  Photon Cannon  
  137  8:29  Shield Battery  
  137  8:30  Pylon  
  137  8:33  Pylon  
  137  8:35  Shield Battery  
  137  8:37  Shield Battery  
  137  8:39  Shield Battery  
  137  8:45  Zealot x3  
  141  8:53  High Templar x4  
  141  8:54  Disruptor (Chrono Boost)  
  144  8:57  Disruptor (Chrono Boost), Archon  
  144  9:01  Archon  
  139  9:03  High Templar x2  
  139  9:04  Zealot x2  
  139  9:08  Archon  
  145  9:16  Zealot x3  
  143  9:22  Disruptor (Chrono Boost)  
  143  9:24  Disruptor (Chrono Boost)  
  146  9:29  Zealot x3  
  146  9:30  Zealot x3  
  153  9:42  Zealot x4  
  139  10:01  High Templar x2  
  139  10:03  Zealot x7  
  139  10:06  Immortal  
  155  10:07  Archon  
  155  10:08  Probe  
  155  10:09  Probe x3  
  155  10:12  Shield Battery  
  159  10:21  Probe x4  
  162  10:26  Zealot x4  
  171  10:33  Probe x4  
  171  10:34  Protoss Ground Weapons Level 3 (Chrono Boost)  
  171  10:35  Pylon  
  171  10:36  Pylon  
  171  10:41  Assimilator  
  171  10:44  Photon Cannon  
  171  10:45  Probe, Assimilator  
  172  10:53  Probe  
  172  10:54  Fleet Beacon  
  172  10:55  High Templar x2  
  177  10:57  Immortal (Chrono Boost)  
  177  11:01  Archon  
  185  11:10  Photon Cannon, Immortal (Chrono Boost)  
  185  11:12  Pylon  
  185  11:14  High Templar  
  185  11:17  Pylon  
  187  11:18  Pylon  
  187  11:20  Pylon  
  185  11:26  High Templar  
  185  11:27  Zealot  
  185  11:30  Photon Cannon  
  185  11:31  Archon  
  181  11:32  Photon Cannon  
  181  11:35  High Templar x2  
  181  11:38  Zealot x6  
  181  11:39  Archon  
  197  11:46  Stargate  
  197  11:53  Probe x2  
  191  11:57  Zealot x2  
  191  12:00  Carrier (Chrono Boost)  
  194  12:08  Zealot x3  
  194  12:09  Protoss Air Weapons Level 1 (Chrono Boost)  
  200  12:19  Zealot  
  200  12:33  Carrier (Chrono Boost)  
  186  12:50  Zealot x3  
  186  12:51  Zealot  
  188  12:52  Carrier, Nexus  
  188  12:55  Pylon  
  194  12:59  Zealot x3  
  200  13:18  Zealot x2  
  200  13:25  Photon Cannon  
  200  13:26  Shield Battery  
  200  13:28  Shield Battery  
  200  13:30  Pylon  
  191  13:38  Zealot x4  
  199  13:46  Zealot  
  195  13:54  Nexus  
  189  13:56  High Templar x2, Carrier  
  189  14:00  Protoss Shields Level 1 (Chrono Boost), Archon  
  189  14:02  High Templar  
  199  14:09  Photon Cannon  
  199  14:10  Protoss Air Weapons Level 2 (Chrono Boost)  
  199  14:14  Photon Cannon  
  199  14:18  Photon Cannon  
  199  14:23  High Templar  
  199  14:24  High Templar  
  194  14:54  Blink (Chrono Boost), Pylon  
  194  14:56  Pylon  
  192  15:01  Stalker x2  
  192  15:03  Nexus  
  196  15:09  Assimilator  
  196  15:10  Assimilator  
  174  15:16  Zealot x9  
  174  15:17  Void Ray  
  174  15:18  Void Ray  
  168  15:26  Archon  
  176  15:29  Zealot x2  
  180  15:39  Zealot x8  
  180  15:40  Zealot  
  194  15:49  Colossus  
  196  15:53  Void Ray x2 (Chrono Boost)  
  180  15:58  Stalker x2  
  180  16:02  High Templar, Stalker x4  
  180  16:03  Stalker x2  
  196  16:09  Archon  
  176  16:15  Stalker x2  
  170  16:36  Zealot x6  
  170  16:37  Zealot  
  176  16:42  Void Ray x2  
  174  16:50  Zealot x3  
  182  16:59  Stalker  
  182  17:00  Stalker x4  
  184  17:07  Stalker x3  
  163  17:22  Nexus  
  145  17:25  High Templar x2  
  145  17:26  High Templar x2, Zealot x3  
  145  17:27  Zealot  
  158  17:35  Archon  
  158  17:36  Archon  
  158  17:38  Stalker x3  
  158  17:51  Zealot x4  
  166  17:58  Zealot x4  
  158  18:09  High Templar x2  
  158  18:12  Pylon  
  162  18:13  Archon  
  160  18:25  Stalker x6  
  164  18:37  Photon Cannon  
  164  18:38  Photon Cannon  
  164  18:40  Shield Battery  
  164  18:44  Zealot x4  
  164  18:45  Zealot  
  156  18:48  Zealot x4  
  156  18:49  Zealot x5  
  156  18:54  Zealot x2  
  170  19:09  Stalker x5  
  173  19:12  Nexus  
  173  19:18  Disruptor x2 (Chrono Boost), Pylon  
  175  19:24  Zealot x4  
  175  19:36  Stalker x4  
  154  19:53  Disruptor (Chrono Boost)  
  154  19:54  Zealot x5  
  154  19:55  Zealot x2  
  154  19:59  Zealot x2  
  172  20:08  Disruptor  
  172  20:11  Zealot x2  
  172  20:22  Disruptor, Stalker x3  
  172  20:28  Zealot x2  
  183  20:36  Stalker x3  
  171  20:50  Stalker x3  
  177  21:03  Stalker  
  177  21:04  Zealot x5, Stalker x2  
  176  21:29  Stalker  
  176  21:30  Stalker x5  
  176  21:32  Zealot x4  
  185  21:36  Stalker  
Show
View Real Time Build Order
Export as new Build Order

Reynor Zerg 

Build Orders: Hatch First, Swarm Host 

Get SALT Encoding   

  12  0:00  Drone  
  13  0:12  Overlord  
  13  0:17  Drone  
  14  0:30  Drone x2  
  16  0:49  Hatchery  
  15  0:52  Drone  
  15  0:56  Drone  
  17  1:00  Drone  
  18  1:10  Extractor  
  17  1:16  Spawning Pool  
  16  1:18  Drone  
  16  1:22  Drone  
  18  1:29  Drone  
  19  1:38  Drone  
  20  1:49  Overlord  
  20  2:02  Queen  
  20  2:04  Queen  
  20  2:05  Drone x2  
  26  2:11  Zergling x2  
  26  2:12  Drone  
  28  2:21  Zergling x2  
  29  2:23  Drone  
  29  2:27  Metabolic Boost  
  30  2:38  Drone  
  30  2:40  Hatchery  
  30  2:45  Queen  
  30  2:50  Overlord  
  32  2:54  Zergling x2  
  32  2:55  Zergling x2  
  32  2:57  Zergling x2  
  35  3:00  Drone  
  36  3:07  Overlord  
  36  3:09  Drone  
  37  3:13  Drone x2  
  37  3:17  Drone  
  40  3:21  Spore Crawler  
  40  3:24  Spore Crawler  
  37  3:27  Drone x2  
  37  3:32  Drone x2  
  40  3:36  Spore Crawler  
  40  3:40  Queen  
  41  3:43  Drone  
  41  3:44  Drone  
  41  3:48  Drone  
  44  3:49  Drone  
  45  3:55  Drone  
  46  4:04  Queen  
  46  4:05  Drone x3, Spore Crawler  
  46  4:08  Drone  
  46  4:09  Drone  
  50  4:11  Drone  
  50  4:16  Overlord  
  51  4:19  Zergling x4  
  51  4:22  Drone, Spore Crawler  
  51  4:24  Drone  
  51  4:25  Drone  
  51  4:30  Drone  
  51  4:31  Drone  
  55  4:34  Drone  
  55  4:36  Overlord  
  55  4:38  Drone x3  
  58  4:41  Drone  
  58  4:42  Drone  
  58  4:44  Zergling x4  
  63  4:46  Drone  
  63  4:50  Drone  
  65  4:53  Overlord  
  65  4:56  Zergling x4  
  65  4:58  Lair  
  67  5:02  Evolution Chamber  
  67  5:03  Drone  
  64  5:07  Zergling x4  
  64  5:08  Zergling x2  
  64  5:09  Drone  
  64  5:13  Drone x4  
  68  5:16  Overlord  
  68  5:18  Drone  
  68  5:19  Drone x2  
  71  5:21  Extractor  
  71  5:22  Drone x2  
  71  5:25  Queen  
  74  5:29  Overlord  
  74  5:30  Drone  
  74  5:32  Drone x2  
  74  5:33  Drone  
  78  5:36  Extractor, Drone  
  78  5:37  Extractor  
  78  5:39  Zerg Missile Weapons Level 1  
  78  5:40  Drone  
  78  5:46  Overlord  
  78  5:47  Drone  
  78  5:49  Drone  
  79  5:54  Drone x2  
  79  5:56  Drone x2  
  83  5:57  Drone  
  83  6:02  Drone x4  
  88  6:04  Hatchery  
  88  6:05  Extractor  
  88  6:06  Extractor  
  88  6:10  Spire, Overlord  
  84  6:14  Roach Warren, Overseer  
  84  6:17  Drone x3  
  85  6:22  Overlord  
  85  6:29  Infestation Pit  
  84  6:35  Overlord  
  84  6:43  Overlord  
  84  6:46  Drone x5  
  84  6:47  Drone x4  
  93  6:49  Overlord  
  93  6:51  Overlord  
  93  6:57  Glial Reconstitution  
  93  6:59  Overlord  
  93  7:09  Roach x11  
  115  7:17  Roach x2  
  115  7:18  Roach x2  
  115  7:19  Overlord  
  124  7:24  Swarm Host x2  
  130  7:30  Swarm Host x5  
  130  7:32  Swarm Host  
  130  7:34  Swarm Host x3  
  157  7:41  Swarm Host  
  157  7:43  Overlord  
  160  7:45  Drone x2  
  160  7:46  Drone x3  
  160  7:47  Drone  
  160  7:51  Roach  
  166  7:57  Overlord  
  166  7:59  Roach  
  166  8:01  Extractor  
  166  8:02  Overlord  
  166  8:04  Extractor  
  166  8:05  Queen  
  166  8:09  Spore Crawler  
  166  8:11  Roach  
  166  8:12  Roach x3  
  175  8:13  Overlord  
  175  8:15  Ravager  
  175  8:16  Ravager x3  
  176  8:20  Roach x6  
  185  8:28  Zerg Missile Weapons Level 2  
  185  8:32  Roach x3  
  185  8:33  Zergling x16  
  190  8:51  Roach x5  
  190  8:55  Overlord  
  197  9:00  Roach x3  
  196  9:06  Overlord  
  196  9:07  Roach  
  196  9:08  Roach  
  197  9:11  Ravager x2  
  197  9:19  Ravager x2  
  199  9:30  Hatchery  
  188  9:41  Roach  
  188  9:42  Roach x7  
  198  9:47  Hive  
  180  9:55  Roach x12  
  199  10:08  Drone x2, Spine Crawler, Evolution Chamber  
  199  10:12  Spine Crawler  
  193  10:27  Zergling x18, Roach x6  
  193  10:28  Zergling x16  
  192  10:35  Overseer  
  190  10:36  Nydus Network, Overseer  
  190  10:40  Drone, Baneling Nest  
  190  10:41  Drone x2, Ravager x4  
  195  10:44  Zerg Melee Weapons Level 1  
  195  10:52  Ravager x4  
  195  10:55  Pneumatized Carapace  
  198  11:20  Nydus Canal  
  198  11:23  Drone x2  
  197  11:26  Ravager x3  
  197  11:31  Zerg Missile Weapons Level 3  
  197  11:33  Spire  
  197  11:36  Nydus Canal  
  196  11:58  Baneling x20  
  196  11:59  Baneling x6  
  196  12:07  Nydus Canal  
  196  12:09  Zergling x8  
  199  12:16  Overlord  
  199  12:20  Centrifical Hooks  
  197  12:26  Overseer  
  197  12:27  Roach  
  197  12:28  Zergling x40, Roach x5  
  188  12:30  Zergling x24  
  188  12:34  Zergling x2  
  188  12:35  Zergling x2  
  200  12:40  Zerg Melee Weapons Level 2  
  196  12:44  Nydus Canal  
  196  12:45  Drone x4  
  197  12:52  Baneling  
  197  12:53  Drone, Baneling x11  
  197  12:54  Drone x2, Zerg Flyer Weapons Level 1  
  200  12:58  Nydus Canal  
  200  13:00  Baneling x20  
  200  13:01  Baneling x8  
  200  13:10  Extractor  
  200  13:12  Extractor  
  197  13:19  Drone  
  199  13:20  Drone x7  
  199  13:24  Nydus Canal  
  194  13:36  Viper x2  
  197  13:43  Nydus Canal, Corruptor  
  197  13:44  Corruptor  
  196  13:56  Zergling x8  
  200  14:03  Ultralisk Cavern  
  185  14:17  Zergling x28  
  185  14:18  Zergling x4  
  196  14:26  Baneling  
  196  14:27  Baneling x11  
  196  14:31  Ravager x2  
  196  14:32  Spine Crawler x2, Ravager  
  192  14:40  Baneling x5  
  192  14:44  Roach x5  
  195  14:49  Roach x6  
  198  14:54  Overlord x4  
  197  15:03  Overlord x2  
  193  15:13  Corruptor x10  
  190  15:15  Zergling x12, Roach  
  190  15:16  Queen x2  
  190  15:20  Corruptor  
  188  15:23  Zergling x6  
  188  15:25  Roach  
  188  15:27  Corruptor  
  195  15:29  Corruptor  
  195  15:33  Zergling x2  
  197  15:39  Corruptor x2  
  172  15:53  Zergling x18  
  177  16:00  Zergling x10  
  168  16:12  Roach Warren  
  168  16:14  Zergling x12  
  168  16:17  Zergling x6  
  167  16:20  Baneling x5  
  167  16:21  Baneling x9  
  167  16:23  Zergling x2  
  167  16:24  Zergling x4  
  167  16:29  Zergling x10  
  171  16:35  Zergling x4  
  171  16:37  Viper  
  139  16:43  Zergling x6  
  139  16:46  Zergling x8  
  139  16:47  Zergling x2  
  142  16:49  Baneling x10  
  142  16:54  Roach x3  
  148  16:56  Ravager x3  
  148  16:57  Roach x2  
  148  17:00  Roach  
  154  17:06  Roach  
  142  17:09  Roach x2  
  142  17:10  Roach  
  142  17:15  Zergling x6, Roach  
  126  17:28  Ravager x4  
  126  17:29  Ravager  
  131  17:35  Ravager x3  
  128  17:58  Zergling x30  
  142  18:06  Corruptor  
  142  18:11  Roach x3  
  124  18:27  Roach x5  
  131  18:37  Roach x4  
  139  18:44  Ravager x5  
  142  18:59  Ravager x2  
  134  19:16  Roach x4  
  142  19:17  Hatchery  
  125  19:50  Ravager  
  125  19:51  Ravager x2, Roach  
  130  19:53  Zergling x14  
  130  19:58  Zergling x2  
  123  20:22  Roach x5  
  131  20:30  Roach  
  125  20:46  Zergling x2, Roach x4  
  127  21:06  Zergling x14  
  127  21:08  Extractor  
  131  21:15  Zergling x8  
  131  21:18  Roach x2  
  134  21:19  Zergling x2  
  127  21:31  Ravager  
Tags
 
Add a new tag
Caveats
  • Supply blocks, unpowered buildings, or Contaminate may cause inaccurate times.
  • Supply counts are checked every 10 seconds.